 Dungeon Crawl Stone Soup version 0.30-a0-339-g89bb51ec76 (webtiles) character file.

Game seed: 12058788674606935776

231 p00ps00p the Trooper (level 6, -17/56 HPs)
             Began as a Hill Orc Fighter on Nov 1, 2022.
             Demolished by Edmund
             ... wielding a +4 flail of protection
              (20 damage)
             ... on level 4 of the Dungeon.
             The game lasted 00:05:48 (2423 turns).

p00ps00p the Trooper (Hill Orc Fighter)             Turns: 2423, Time: 00:05:49

Health: -17/56     AC: 10    Str: 19    XL:     6   Next: 3%
Magic:  6/6        EV:  9    Int:  8    God:
Gold:   87         SH:  5    Dex: 12    Spells: 5/5 levels left

rFire   . . .      SeeInvis .    a - +0 war axe
rCold   . . .      Faith    .    c - +0 buckler
rNeg    . . .      Spirit   .    b - +1 scale mail
rPois   +          Reflect  .    (no helmet)
rElec   .          Harm     .    r - +0 cloak {rPois}
rCorr   .          Rampage  .    s - +0 pair of gloves
Will    .....                    (no boots)
Stlth   ..........               (no amulet)
HPRegen 0.29/turn                (no ring)
MPRegen 0.10/turn                (no ring)

@: mighty
A: no striking features
a: no special abilities


You were on level 4 of the Dungeon.
You visited 1 branch of the dungeon, and saw 4 of its levels.

You collected 180 gold pieces.
You spent 93 gold pieces at shops.

Inventory:

Hand Weapons
 a - a +0 war axe (weapon)
Missiles
 n - 5 poisoned darts (quivered)
Armour
 b - a +1 scale mail (worn)
 c - a +0 buckler (worn)
 r - a +0 cloak of poison resistance (worn)
 s - a +0 pair of gloves (worn)
Jewellery
 q - a ring of ice
Wands
 p - a wand of charming (8)
Scrolls
 l - a scroll of amnesia
 m - 3 scrolls of identify
Potions
 e - a potion of flight
 f - a potion of lignification {unknown}
 g - 3 potions of curing {unknown}
 h - 3 potions of attraction {unknown}
 i - a potion of invisibility {unknown}
 j - a potion of mutation {unknown}
 k - 3 potions of heal wounds {unknown}
 o - a potion of brilliance {unknown}


   Skills:
 + Level 5.0 Fighting
 + Level 4.5 Axes
 + Level 4.5 Armour
 + Level 4.5 Shields


You had 5 spell levels left.
You didn't know any spells.
Your spell library contained the following spells:

 Spells                   Type           Power      Damage    Failure   Level
 Freeze                   Ice            0%         1d3       85%         1
 Call Canine Familiar     Summ           0%         N/A       99%         3
 Frozen Ramparts          Ice            0%         1d1       99%         3
 Hailstorm                Conj/Ice       0%         3d3       99%         3
 Portal Projectile        Hex/Tloc       0%         N/A       99%         3
 Leda's Liquefaction      Hex/Erth       0%         N/A       100%        4


Dungeon Overview and Level Annotations

Branches:
Dungeon (4/15)
 Temple: D:4-7

Altars:
Kikubaaqudgha
Makhleb
Nemelex Xobeh

Shops:
D:4 [

Annotations:
D:4 Edmund


Message History

The adder barely misses you.
Edmund drinks a potion.
Edmund seems to grow stronger.
You hit the adder.
The adder is lightly wounded.
You barely miss Edmund.
You feel sick. The adder closely misses you.
Edmund hits you but does no damage. The adder bites you but does no damage.
You closely miss the adder.
The adder is lightly wounded.
You closely miss Edmund.
You feel sick. The adder bites you.
Edmund hits you with a +4 flail of protection!
The adder bites you.
You feel very mighty all of a sudden.
You feel sick.
You are no longer poisoned.
Edmund hits you with a +4 flail of protection!
* * * LOW HITPOINT WARNING * * *
The adder barely misses you.
You slash Edmund!
Edmund is heavily wounded.
You completely miss the adder. The adder bites you but does no damage.
You block Edmund's attack. The adder bites you.
* * * LOW HITPOINT WARNING * * *
You block Edmund's attack.
You barely miss Edmund.
Edmund is heavily wounded.
You miss the adder. The adder bites you but does no damage.
Edmund barely misses you. The adder bites you but does no damage.
You hit Edmund.
Edmund is heavily wounded.
You closely miss the adder.
You hear the rusting of a very distant drain.
Edmund barely misses you. The adder bites you but does no damage.
Edmund hits you with a +4 flail of protection.
* * * LOW HITPOINT WARNING * * *
The adder barely misses you.
You hit Edmund.
Edmund is heavily wounded.
You barely miss the adder. You block the adder's attack.
Edmund hits you with a +4 flail of protection!!
You die...

..#...... . ...##.##..
##.......## .##..##....#
#.........# ........##.#
#.........#
.......##.###..........
#.......#..##..........
##.#...#.#.###..S@...... #####
....#.#....#....@......### ##...#
.....∩..................#.##....#
....#.#..###...................$.
...#...#.# ###..##............†..
.........# #..# ##.....##......
........... #...####......#.....
†..........# (..###.###.#.#..##..
..............#P#_._._###.#...##.
..............##P.....P#......#..


You could see Edmund (strong) and an adder.

Vanquished Creatures
  2 hounds
  2 orc wizards (D:2)
  An adder (D:4)
  An ufetubus (D:4)
  A worm (D:2)
  5 dart slugs
  4 orcs
  6 endoplasms
  4 giant cockroaches
  8 goblins
  5 hobgoblins
  2 jackals (D:2)
  8 kobolds
  2 quokkas
  9 ball pythons
  17 bats
  5 frilled lizards
  4 rats
86 creatures vanquished.

Notes
Turn   | Place    | Note
-------+----------+-------------------------------------------
     0 | D:1      | p00ps00p the Hill Orc Fighter began the quest for the Orb.
     0 | D:1      | Reached XP level 1. HP: 19/19 MP: 1/1
    34 | D:1      | Reached XP level 2. HP: 27/27 MP: 2/2
   245 | D:1      | Reached skill level 4 in Fighting
   312 | D:1      | Reached XP level 3. HP: 33/33 MP: 3/3
   890 | D:2      | Reached XP level 4. HP: 40/40 MP: 4/4
  1491 | D:2      | Reached XP level 5. HP: 44/47 MP: 5/5
  2238 | D:4      | Found an ancient bone altar of Kikubaaqudgha.
  2238 | D:4      | Found a burning altar of Makhleb.
  2238 | D:4      | Found a sparkling altar of Nemelex Xobeh.
  2247 | D:4      | Reached skill level 5 in Fighting
  2377 | D:4      | Found Amniogeq's Armour Boutique.
  2380 | D:4      | Reached XP level 6. HP: 56/56 MP: 6/6
  2391 | D:4      | Bought a +0 cloak of poison resistance for 93 gold pieces
  2410 | D:4      | Noticed Edmund
  2422 | D:4      | HP: 2/56 [Edmund/+4 flail of protection (6)]
  2423 | D:4      | Demolished by Edmund

Illustrated notes

Levels and vault maps discovered:
D:1:      scummos_arrival_star, layout_rooms
D:2:      layout_basic, minmay_octomino_j4
D:3:      layout_rooms, eino_tiny_chamber, minmay_misc_feat_ornament,
          roderic_batcave
D:4:      layout_cave_pools, gammafunk_temple_overflow_forgotten,
          lemuel_tele_altar, cheibrodos_sewer_entry_bend, serial_shops,
          nicolae_shop_advertising_works [nicolae_subvault_shop_adworks],
          uniq_crazy_yiuf_cottage, uniq_edmund

Skill      XL: |  1  2  3  4  5 |
---------------+----------------+-----
Axes           | 3 4 |  4.5
Fighting       | 4 5 |  5.0
Armour         | 4 |  4.5
Shields        | 4 |  4.5

Action                   |  1- 3 |  4- 6 || total
-------------------------+-------+-------++-------
Melee: War axe           |    86 |   151 ||   237
  Use: Scroll            |     6 |     3 ||     9
       Potion            |       |     1 ||     1
Armor: Scale mail        |    61 |   103 ||   164
Dodge: Dodged            |    57 |    83 ||   140
Block: Buckler           |    25 |    59 ||    84

Table legend: (Time is in decaauts)
 A = Elapsed time spent in this place.
 B = Non-inter-level travel time spent in this place.
 C = Inter-level travel time spent in this place.
 D = Time resting spent in this place.
 E = Time spent auto-exploring this place.
 F = Levels seen in this place.
 G = Mean time per level.
                   A        B        C        D        E       F      G
               +--------+--------+--------+--------+--------+-----+--------+
         Total |   2507 |   2412 |     95 |    123 |   1488 |   4 |  626.8 |
       Dungeon |   2507 |   2412 |     95 |    123 |   1488 |   4 |  626.8 |
               +--------+--------+--------+--------+--------+-----+--------+

Top non-repeatable levels by time:
     D:2: 1031 daAuts
     D:3: 637 daAuts
     D:1: 584 daAuts
     D:4: 252 daAuts
